 Dungeon Crawl Stone Soup version 0.29-a0-82-g837932c90e (webtiles) character file.

Game seed: 13959017632225751662

299 siradein the Sneak (level 6, 0/41 (42) HPs)
             Began as a Vampire Brigand on Feb 4, 2022.
             Killed from afar by Sigmund (5 damage)
             ... with a magic dart
             ... on level 4 of the Dungeon.
             The game lasted 00:08:08 (3455 turns).

siradein the Sneak (Vampire Brigand)                Turns: 3455, Time: 00:08:08

HP:   0/41 (42)     AC:  6    Str: 10    XL:     6   Next: 13%
MP:   6/6           EV: 11    Int: 13    God:
Gold: 98            SH:  5    Dex: 18    Spells: 5/5 levels left

rFire   . . .      SeeInvis +   h - +1 dagger (venom)
rCold   . . .      Faith    .   (no shield)
rNeg    . . .      Spirit   .   u - +0 ring mail
rPois   .          Reflect  +   (no helmet)
rElec   .          Harm     .   c - +0 cloak
rCorr   .          Rampage  .   (no gloves)
Will    .....                   (no boots)
Stlth   +++.......              g - amulet of reflection
HPRegen 0.33/turn               (no ring)
MPRegen 0.10/turn               (no ring)

@: healing quickly, lightly drained
A: alive, fangs 3, see invisible, vampiric 2, [frail 1]
a: Exsanguinate


You were on level 4 of the Dungeon.
You visited 1 branch of the dungeon, and saw 4 of its levels.
You also visited: Sewer.

You collected 98 gold pieces.

Inventory:

Hand Weapons
 h - a +1 dagger of venom (weapon)
Missiles
 d - 3 poisoned darts (quivered)
 e - 2 curare-tipped darts
Armour
 c - a +0 cloak (worn)
 u - a +0 ring mail (worn)
Jewellery
 g - an amulet of reflection (around neck)
Scrolls
 a - 5 scrolls of magic mapping {unknown}
 i - a scroll of fear {unknown}
 l - 2 scrolls of noise {unknown}
 n - 2 scrolls of teleportation {unknown}
 o - a scroll of enchant armour {unknown}
 s - 2 scrolls of fog {unknown}
 t - a scroll of identify {unknown}
Potions
 b - a potion of ambrosia {unknown}
 f - a potion of brilliance {unknown}
 j - 2 potions of heal wounds {unknown}
 k - a potion of mutation {unknown}
 m - a potion of lignification {unknown}
 p - a potion of haste {unknown}
 q - a potion of might {unknown}
 r - a potion of curing


   Skills:
 + Level 3.2 Fighting
 - Level 2.1(3.0) Short Blades
 + Level 2.8(3.1) Long Blades
 + Level 3.0 Throwing
 + Level 3.4 Dodging
 - Level 5.8 Stealth


You had 5 spell levels left.
You didn't know any spells.
Your spell library contained the following spells:

 Spells                   Type           Power      Damage    Failure   Level
 Frozen Ramparts          Ice            0%         1d2       94%         3
 Ice Form                 Ice/Tmut       0%         N/A       100%        4
 Summon Ice Beast         Ice/Summ       0%         N/A       100%        4


Dungeon Overview and Level Annotations

Branches:
Dungeon (4/15)              Sewer (visited)
 Temple: D:4-7

Altars:
Gozag
Sif Muna
Uskayaw

Shops:
D:1 =

Annotations:
D:4 Sigmund


Innate Abilities, Weirdness & Mutations

Your natural rate of healing is accelerated.
You have razor-sharp teeth.
You have supernaturally acute eyesight. (SInv)
You are afflicted with vampirism and can become a bat while bloodless.
[You are frail. (-10% HP)]


Message History

You throw a poisoned dart.
Found a book of Burglary.
Sigmund looks more healthy.
Sigmund barely misses you.
Found a stone staircase leading down.
Things that are here:
a poisoned dart; 4 gold pieces Sigmund hits you but does no damage.
Sigmund hits you with a +2 scythe of protection!
You feel less confused.
You hit Sigmund.
Sigmund is poisoned.
Sigmund is moderately wounded.
Sigmund casts a spell at you. You resist with some effort.
You barely miss Sigmund.
Sigmund is moderately wounded.
Sigmund hits you with a +2 scythe of protection.
You closely miss Sigmund.
Sigmund is moderately wounded.
You hit Sigmund.
Sigmund is heavily wounded.
Sigmund hits you with a +2 scythe of protection!
Sigmund barely misses you.
You see here a poisoned dart.
Throw: 4 darts (poison)
Press: ? - help, Q - select action, (/) - cycle Shift-Dir - straight line, f - Sigmund
Aim: Sigmund, wielding a +2 scythe of protection and wearing a +0 robe (heavily wounded, poisoned, 60% to hit)
You throw a poisoned dart. The poisoned dart hits Sigmund.
Sigmund looks even sicker.
Sigmund is heavily wounded.
Sigmund hits you from afar with a +2 scythe of protection!
* * * LOW HITPOINT WARNING * * *
Sigmund hits you from afar with a +2 scythe of protection.
* * * LOW HITPOINT WARNING * * *
Sigmund casts a spell at you. The magic dart hits you!
* * * LOW HITPOINT WARNING * * *
You block Sigmund's attack.
Sigmund points at you and mumbles some strange words.
The magic dart hits you.
You die...

...................
.!.................
####+##......##...#
..
..##......##..(####..
................>....
.....................
............?........
....<................
..##.##..(##.@..# ..
#.##.(.##..###
..#.........# ..
#..(..@...# ..
#.........#
#(........#
#(...(....#
##..##:..## #########


You could see Sigmund (poisoned).

Vanquished Creatures
  A hound (D:3)
  An orc priest (D:3)
  9 adders
  5 river rats
  3 worms
  3 dart slugs (D:1)
  6 orcs
  6 ball pythons
  3 bats
  6 endoplasms
  4 giant cockroaches
  7 goblins
  10 hobgoblins
  10 jackals (D:2)
  3 quokkas
  6 frilled lizards
  2 kobolds
  12 rats
97 creatures vanquished.

Notes
Turn   | Place    | Note
-------+----------+-------------------------------------------
     0 | D:1      | siradein the Vampire Brigand began the quest for the Orb.
     0 | D:1      | Reached XP level 1. HP: 16/16 MP: 1/1
    27 | D:1      | Found a faded altar of an unknown god.
    27 | D:1      | Noticed a floating eye
    34 | D:1      | Noticed an eye of devastation
    34 | D:1      | Noticed a great orb of eyes
    34 | D:1      | Noticed a shining eye
   107 | D:1      | Reached XP level 2. HP: 22/22 MP: 2/2
   389 | D:1      | Reached skill level 1 in Long Blades
   472 | D:1      | Found Meluneewk's Jewellery Shoppe.
   520 | D:1      | Gained mutation: You are afflicted with vampirism and can
                  | become a bat while bloodless. [Vampire growth]
   520 | D:1      | Reached XP level 3. HP: 26/27 MP: 3/3
   888 | D:2      | Reached XP level 4. HP: 24/34 MP: 4/4
  1469 | D:3      | Noticed a phantom
  1574 | D:3      | Found a shimmering blue altar of Sif Muna.
  1717 | D:3      | Found a glowing drain.
  1939 | Sewer    | Entered a sewer
  2001 | Sewer    | Reached XP level 5. HP: 24/31 MP: 5/5
  2621 | D:3      | Found an opulent altar of Gozag.
  3098 | D:4      | Found a hide-covered altar of Uskayaw.
  3209 | D:3      | Reached XP level 6. HP: 36/40 MP: 6/6
  3427 | D:4      | Noticed Sigmund
  3455 | D:4      | Killed from afar by Sigmund

Illustrated notes

Levels and vault maps discovered:
D:1:      tarquinn_simple_flora_water_a, layout_rooms, serial_shops, shop,
          hellmonk_ecumenical_altar_watching_god
D:2:      layout_basic, dk_noncrumbling_2, minmay_surrounded
D:3:      layout_basic, lemuel_crystal_altar, led_sif_book,
          portal_sewer_entry_a, serial_co_window_serial,
          co_window_of_opportunity_a, co_window_paths_a, co_window_corner_a,
          co_window_of_opportunity_a, co_window_paths_a, co_window_broadway_b,
          co_window_broadway_c, co_window_broadway_a,
          co_window_of_opportunity_c, co_window_cross_2, glass_columns_a,
          glass_columns_c, glass_columns_c, glass_columns_b, glass_columns_a
D:4:      layout_gridville, overflow_temple_1_default, uniq_sigmund

Skill      XL: |  1  2  3  4  5  6 |
---------------+-------------------+-----
Fighting       | 2 3 |  3.2
Long Blades    | 1 2 |  2.8
Throwing       | 2 3 |  3.0
Dodging        | 2 3 |  3.4
Short Blades   | |  2.1
Stealth        | |  5.8

Action                   |  1- 3 |  4- 6 || total
-------------------------+-------+-------++-------
Melee: Dagger            |    95 |   202 ||   297
       Bite              |    12 |    19 ||    31
       Punch             |     3 |     1 ||     4
Throw: Dart              |       |     8 ||     8
 Abil: Exsanguinate      |       |     1 ||     1
       Revivify          |       |     1 ||     1
 Stab: Sleeping          |    13 |    12 ||    25
Armor: Robe              |    15 |    18 ||    33
       Ring mail         |       |    11 ||    11
Dodge: Dodged            |    34 |    78 ||   112
Block: Other             |    16 |    45 ||    61

Table legend: (Time is in decaauts)
 A = Elapsed time spent in this place.
 B = Non-inter-level travel time spent in this place.
 C = Inter-level travel time spent in this place.
 D = Time resting spent in this place.
 E = Time spent auto-exploring this place.
 F = Levels seen in this place.
 G = Mean time per level.
                   A        B        C        D        E       F      G
               +--------+--------+--------+--------+--------+-----+--------+
         Total |   3477 |   3399 |     78 |    581 |   1780 |   5 |  695.4 |
       Dungeon |   2778 |   2700 |     78 |    516 |   1361 |   4 |  694.5 |
         Sewer |    698 |    698 |      0 |     65 |    418 |   1 |  698.0 |
               +--------+--------+--------+--------+--------+-----+--------+

Top non-repeatable levels by time:
     D:3: 1197 daAuts
     D:2: 956 daAuts
   Sewer: 698 daAuts
     D:1: 541 daAuts
     D:4: 83 daAuts
